 Dungeon Crawl Stone Soup version 0.27-a0-279-gdfb9265905 (webtiles) character file.

Game seed: 10193626028354961271

89 crux the Insei (level 4, -4/28 HPs)
             Began as an Octopode Transmuter on Feb 7, 2021.
             Slain by a gnoll
             ... wielding a +0 halberd
              (10 damage)
             ... on level 3 of the Dungeon.
             The game lasted 00:03:27 (2546 turns).

crux the Insei (Octopode Transmuter)                Turns: 2546, Time: 00:03:28

Health: -4/28      AC:  1    Str: 10    XL:     4   Next: 55%
Magic:  8/8        EV: 13    Int: 15    God:
Gold:   131        SH:  0    Dex: 12    Spells: 7/8 levels left

rFire    + . .     SeeInvis .     - Unarmed
rCold    . . .     Faith    .   (no shield)
rNeg     . . .     Spirit   .   (helmet currently unavailable)
rPois    .         Reflect  .   (no amulet)
rElec    .         Harm     .   f - ring of protection from fire
rCorr    .         Rampage  .   (no ring)
Will     .....                  (no ring)
Stlth    +++.......             (no ring)
HPRegen  0.09/turn              (no ring)
MPRegen  0.11/turn              (no ring)
                                (no ring)
                                (no ring)

@: appendages (expiring)
A: almost no armour, stealthy swim, amphibious, 8 rings, constrict 8, tentacle
spike 3, camouflage 1, gelatinous body 1
a: End Transformation


You were on level 3 of the Dungeon.
One of your tentacles had a temporary spike.
You visited 1 branch of the dungeon, and saw 3 of its levels.

You collected 131 gold pieces.

Inventory:

Jewellery
 f - a ring of protection from fire (left tentacle)
Wands
 i - a wand of polymorph (6)
Scrolls
 b - 5 scrolls of identify {unknown}
 g - a scroll of fear {unknown}
 h - a scroll of fog {unknown}
 j - a scroll of remove curse {unknown}
 k - a scroll of enchant weapon {unknown}
 m - a scroll of amnesia {unknown}
 n - a scroll of teleportation {unknown}
Potions
 a - a potion of flight {unknown}
 c - 3 potions of curing {unknown}
 d - a potion of heal wounds {unknown}
 e - a potion of ambrosia {unknown}
 l - 2 potions of mutation {unknown}
 o - a potion of cancellation {unknown}


   Skills:
 + Level 1.0 Fighting
 + Level 2.1 Dodging
 + Level 1.1 Stealth
 + Level 3.8 Unarmed Combat
 + Level 2.7 Spellcasting
 + Level 2.9 Transmutations


You had 7 spell levels left.
You knew the following spells:

 Your Spells              Type           Power        Failure   Level
a - Beastly Appendage     Tmut           20%          6%          1

Your spell library contained the following spells:

 Spells                   Type           Power        Failure   Level
 Wereblood                Tmut           10%          10%         2
 Spider Form              Tmut/Pois      3%           34%         3
 Ice Form                 Ice/Tmut       6%           75%         4
 Blade Hands              Tmut           5%           86%         5


Dungeon Overview and Level Annotations

Branches:
Dungeon (3/15)

Altars:
Qazlal


Innate Abilities, Weirdness & Mutations

You cannot wear most types of armour.
You are very stealthy in the water. (Stealth+)
You are amphibious.
You can wear up to eight rings at the same time.
You can use your tentacles to constrict eight enemies at once.
Your skin changes colour to match your surroundings (Stealth+).
Your rubbery body absorbs attacks. (AC +1, EV +1)
One of your tentacles bears a large vicious spike.


Message History

Confirm with . or Enter, or press ? or * to list all spells.
One of your tentacles grows a vicious spike.
A gnoll is nearby!
The gnoll shouts! x2; You hear an angry hiss.
The gnoll misses you. The gnoll misses you. The gnoll barely misses you.
Things that are here:
a +2 whip of draining; a +0 spear; a gnoll corpse You tentacle-slap the gnoll.
You grab the gnoll.
You pierce the gnoll.
The gnoll is heavily wounded.
You constrict the gnoll, but do no damage.
The gnoll hits you with a +0 spear.
The gnoll hits you from afar with a +0 halberd!
You tentacle-slap the gnoll.
The gnoll is heavily wounded.
Your transformation is almost over.
You constrict the gnoll. The gnoll hits you with a +0 spear.
* * * LOW HITPOINT WARNING * * *
The gnoll hits you from afar with a +0 halberd!
You die...

. #.##.....)..........
#..#................... #
#..####.......####.##.#
#.#.. +.......# #.##<.
.#.#..####.......# #.##.#
.................# #.##.#
.###..#.####.###.# #.##.#
#..#.####.###.## #.##.#
#...gg@................
......##.####..#..##.####.#
g..$...........# .# #.#
#####.##.##...... # # #.#
#.#.#.# #.. ....#.# #.. ..
.. . ### .# #


You could see 2 gnolls.

Vanquished Creatures
  2 gnolls (D:3)
  4 dart slugs
  A ball python (D:3)
  4 bats
  A giant cockroach (D:1)
  6 goblins
  6 hobgoblins (D:1)
  14 jackals
  8 kobolds
  2 frilled lizards
  6 rats
54 creatures vanquished.

Notes
Turn   | Place    | Note
-------+----------+-------------------------------------------
     0 | D:1      | crux the Octopode Transmuter began the quest for the Orb.
     0 | D:1      | Reached XP level 1. HP: 13/13 MP: 3/3
    92 | D:1      | Reached XP level 2. HP: 18/18 MP: 3/5
   590 | D:1      | Reached XP level 3. HP: 23/23 MP: 4/6
  1932 | D:2      | Found a stormy altar of Qazlal.
  2000 | D:2      | Reached XP level 4. HP: 28/28 MP: 5/7
  2011 | D:2      | Reached skill level 1 in Stealth
  2546 | D:3      | Slain by a gnoll

Illustrated notes

Levels and vault maps discovered:
D:1:      dpeg_arrival_connections, layout_basic, lemuel_another_geyser
D:2:      layout_loops_ring, grunt_qazlal_clouds, minmay_misc_feat_enclosed
D:3:      layout_basic, serial_glass, glass_columns_c, glass_columns_a

Skill      XL: |  1  2  3  4 |
---------------+-------------+-----
Stealth        | 1 |  1.1
Fighting       | |  1.0
Dodging        | |  2.1
Unarmed Combat | |  3.8
Spellcasting   | |  2.7
Transmutations | |  2.9

Action                   |  1- 3 |  4- 6 || total
-------------------------+-------+-------++-------
Melee: Unarmed           |    80 |    32 ||   112
       Kick              |    29 |     8 ||    37
       Constrict         |    29 |    13 ||    42
       Tentacles         |     9 |     3 ||    12
       Punch             |     1 |     1 ||     2
 Cast: Beastly Appendage |    30 |     6 ||    36
 Stab: Sleeping          |     5 |       ||     5
Armor: Skin              |     3 |     3 ||     6
Dodge: Dodged            |    50 |    29 ||    79

Table legend: (Time is in decaauts)
 A = Elapsed time spent in this place.
 B = Non-inter-level travel time spent in this place.
 C = Inter-level travel time spent in this place.
 D = Time resting spent in this place.
 E = Time spent auto-exploring this place.
 F = Levels seen in this place.
 G = Mean time per level.
                   A        B        C        D        E       F      G
               +--------+--------+--------+--------+--------+-----+--------+
         Total |   2537 |   2463 |     74 |     29 |   2090 |   3 |  845.7 |
       Dungeon |   2537 |   2463 |     74 |     29 |   2090 |   3 |  845.7 |
               +--------+--------+--------+--------+--------+-----+--------+

Top non-repeatable levels by time:
     D:1: 1541 daAuts
     D:2: 669 daAuts
     D:3: 326 daAuts
